[Event "55th Rubinstein Memorial-C 2019"]
[Site "Polanica-Zdroj"]
[Date "2019.08.22"]
[Round "6.16"]
[White "Bogdanov, Maxim A."]
[Black "Borkowska, Zuzanna"]
[Result "1-0"]
[ECO "D01"]
[WhiteElo "1763"]
[BlackElo "1606"]
[Annotator "NA"]
[PlyCount "77"]
[EventDate "2019.08.17"]
[EventType "swiss"]
[EventCountry "POL"]
[SourceTitle "playchess.com"]
[Source "ChessBase"]
[SourceQuality "1"]
[TimeControl "40/5400+30:1800+30"]

1. d4 Nf6 2. Nc3 d5 3. Bg5 Nbd7 4. Nf3 e6 5. a3 c5 6. e3 a6 7. Be2 Be7 8. O-O O-O 9. Rc1 c4 10. Re1 b5 11. Nb1 a5 12. Ne5 Nxe5 13. dxe5 Nd7 14. Bxe7 Qxe7 15. f4 b4 16. Bf3 Rb8 17. Qd4 Qc5 18. Rcd1 Qxd4 19. Rxd4 Nb6 20. e4 Bb7 21. exd5 exd5 22. Red1 Ba8 23. axb4 axb4 24. Nd2 Na4 25. Nf1 Nxb2 26. Ra1 Rfd8 27. Ne3 Kf8 28. Nf5 Bc6 29. Ra6 Ba4 30. Bxd5 Bxc2 31. Nd6 Bd3 32. Ra7 Bg6 33. f5 Bh5 34. g4 Rxd6 35. exd6 c3 36. Bb3 Nd3 37. gxh5 Nc5 38. Rxf7+ Ke8 39. d7+ 1-0

[Event "55th Rubinstein Memorial-C 2019"]
[Site "Polanica-Zdroj"]
[Date "2019.08.22"]
[Round "6.17"]
[White "Filipska, Maja"]
[Black "Matuszczyk, Mateusz"]
[Result "0-1"]
[ECO "A48"]
[WhiteElo "1605"]
[BlackElo "1808"]
[Annotator "NA"]
[PlyCount "82"]
[EventDate "2019.08.17"]
[EventType "swiss"]
[EventCountry "POL"]
[SourceTitle "playchess.com"]
[Source "ChessBase"]
[SourceQuality "1"]
[TimeControl "40/5400+30:1800+30"]

1. d4 Nf6 2. Nf3 g6 3. e3 Bg7 4. Bd3 d5 5. Nbd2 c5 6. c3 Nc6 7. O-O O-O 8. Qe2 b6 9. b3 Qc7 10. Bb2 e5 11. dxe5 Nxe5 12. Nxe5 Qxe5 13. Nf3 Qc7 14. c4 Re8 15. cxd5 Nxd5 16. Bxg7 Kxg7 17. Qb2+ f6 18. Rfd1 Bb7 19. Bc4 Rad8 20. Rd2 Nb4 21. Rad1 Bxf3 22. gxf3 Nc6 23. Bb5 Rxd2 24. Rxd2 Rd8 25. Rxd8 Nxd8 26. Qd2 Nc6 27. Bxc6 Qxc6 28. Kg2 b5 29. Qd8 c4 30. Qe7+ Kg8 31. Qd8+ Kg7 32. Qe7+ Kh6 33. Qf8+ Kh5 34. bxc4 bxc4 35. Qg8 h6 36. Qb8 c3 37. Qb4 g5 38. Kg3 Qc7+ 39. f4 c2 40. Qa4 Kg6 41. Qb3 Kg7 0-1

[Event "55th Rubinstein Memorial-C 2019"]
[Site "Polanica-Zdroj"]
[Date "2019.08.22"]
[Round "6.18"]
[White "Karnasiewicz, Robert"]
[Black "Karleszko, Karolina"]
[Result "1-0"]
[ECO "D10"]
[WhiteElo "1803"]
[BlackElo "1596"]
[Annotator "NA"]
[PlyCount "29"]
[EventDate "2019.08.17"]
[EventType "swiss"]
[EventCountry "POL"]
[SourceTitle "playchess.com"]
[Source "ChessBase"]
[SourceQuality "1"]
[TimeControl "40/5400+30:1800+30"]

1. d4 d5 2. c4 c6 3. cxd5 cxd5 4. Nc3 Nc6 5. e4 e5 6. Nxd5 Nxd4 7. Be3 Bc5 8. Rc1 Bb6 9. Bxd4 Bxd4 10. Nc7+ Kf8 11. Nxa8 Be6 12. Nc7 Bd7 13. Nf3 Bxb2 14. Rc2 Nf6 15. Bb5 1-0

[Event "55th Rubinstein Memorial-C 2019"]
[Site "Polanica-Zdroj"]
[Date "2019.08.22"]
[Round "6.19"]
[White "Szydelko, Michal"]
[Black "Pisarek, Elzbieta"]
[Result "1/2-1/2"]
[ECO "B01"]
[WhiteElo "1752"]
[BlackElo "1581"]
[Annotator "NA"]
[PlyCount "72"]
[EventDate "2019.08.17"]
[EventType "swiss"]
[EventCountry "POL"]
[SourceTitle "playchess.com"]
[Source "ChessBase"]
[SourceQuality "1"]
[TimeControl "40/5400+30:1800+30"]

1. e4 d5 2. exd5 Qxd5 3. Nc3 Qd8 4. Bc4 g6 5. Nf3 Bg7 6. d4 Nf6 7. O-O O-O 8. h3 a6 9. a4 b6 10. Be3 Bb7 11. Qe2 Nc6 12. Rad1 e6 13. Rfe1 Qe7 14. Bg5 Qb4 15. Bxf6 Bxf6 16. Ne4 Bg7 17. c3 Qe7 18. Ng3 Rfe8 19. Qd3 Qd6 20. Ne4 Qd7 21. Qc2 Rad8 22. Neg5 Na5 23. Ba2 Bxf3 24. Nxf3 Nc6 25. Qe2 a5 26. Ng5 Kh8 27. Qf3 Rf8 28. Bc4 h6 29. Ne4 Ne7 30. b3 Nd5 31. Bb5 c6 32. Bf1 Qe7 33. g3 Kg8 34. Bg2 Rc8 35. Nd2 Qc7 36. Ne4 Qe7 1/2-1/2

[Event "55th Rubinstein Memorial-C 2019"]
[Site "Polanica-Zdroj"]
[Date "2019.08.22"]
[Round "6.20"]
[White "Hasterok, Lukasz"]
[Black "Burdzicki, Jan"]
[Result "1/2-1/2"]
[ECO "A46"]
[WhiteElo "1531"]
[BlackElo "1716"]
[Annotator "NA"]
[PlyCount "112"]
[EventDate "2019.08.17"]
[EventType "swiss"]
[EventCountry "POL"]
[SourceTitle "playchess.com"]
[Source "ChessBase"]
[SourceQuality "1"]
[TimeControl "40/5400+30:1800+30"]

1. d4 Nf6 2. Nf3 e6 3. Bf4 c5 4. c3 Qb6 5. Qb3 Qxb3 6. axb3 Nc6 7. e3 b6 8. h3 Bb7 9. Nbd2 Be7 10. Bd3 O-O 11. O-O Na5 12. Ne5 d6 13. Nec4 Nxc4 14. bxc4 Rfd8 15. Bh2 d5 16. cxd5 Bxd5 17. Be2 Ne4 18. Nxe4 Bxe4 19. f3 Bc6 20. Rfd1 f6 21. Bc4 Kf7 22. e4 b5 23. Bxe6+ Kxe6 24. d5+ Kd7 25. dxc6+ Kxc6 26. Ra6+ Kb7 27. Rda1 c4 28. Kh1 Bc5 29. Bg1 Bxg1 30. Kxg1 Rd2 31. R1a2 Rxb2 32. Rxa7+ Rxa7 33. Rxb2 Kc6 34. Kf2 Ra3 35. Rc2 Kc5 36. Ke2 Ra1 37. f4 Rg1 38. Kf2 Rd1 39. Ke2 Rd3 40. Rc1 Rg3 41. Kf2 Rd3 42. Ke2 Rd7 43. Ra1 Re7 44. Ke3 Rd7 45. Ke2 Kb6 46. Ra2 Rd3 47. Rc2 h6 48. Rc1 Kc5 49. Rc2 b4 50. cxb4+ Kxb4 51. Ra2 Ra3 52. Rxa3 Kxa3 53. e5 fxe5 54. fxe5 c3 55. e6 c2 56. e7 c1=Q 1/2-1/2

[Event "55th Rubinstein Memorial-C 2019"]
[Site "Polanica-Zdroj"]
[Date "2019.08.22"]
[Round "6.21"]
[White "Kolodziejski, Piotr"]
[Black "Karalchuk, Alieksej"]
[Result "1-0"]
[ECO "B38"]
[WhiteElo "1701"]
[BlackElo "1443"]
[Annotator "NA"]
[PlyCount "65"]
[EventDate "2019.08.17"]
[EventType "swiss"]
[EventCountry "POL"]
[SourceTitle "playchess.com"]
[Source "ChessBase"]
[SourceQuality "1"]
[TimeControl "40/5400+30:1800+30"]

1. e4 c5 2. Nf3 Nc6 3. d4 cxd4 4. Nxd4 g6 5. c4 Bg7 6. Be3 e6 7. Nc3 Nge7 8. Be2 O-O 9. O-O d5 10. cxd5 exd5 11. exd5 Nxd5 12. Nxd5 Qxd5 13. Bf3 Qd7 14. Nxc6 bxc6 15. Qc2 Bb7 16. Rad1 Qe6 17. b3 a6 18. Bb6 Rfe8 19. g3 Rac8 20. Rd3 Qf5 21. Rfd1 Qb5 22. Bc5 Bf8 23. Bxf8 Kxf8 24. Qc3 Kg8 25. Rd7 Ba8 26. Qf6 Rf8 27. Re7 Rce8 28. Rxe8 Rxe8 29. Rd8 c5 30. Bxa8 Rxd8 31. Qxd8+ Kg7 32. Bd5 Qd3 33. Qd7 1-0

[Event "55th Rubinstein Memorial-C 2019"]
[Site "Polanica-Zdroj"]
[Date "2019.08.22"]
[Round "6.22"]
[White "Kurtycz, Maciej"]
[Black "Werner, Kacper"]
[Result "0-1"]
[ECO "B20"]
[WhiteElo "1689"]
[BlackElo "1435"]
[Annotator "NA"]
[PlyCount "66"]
[EventDate "2019.08.17"]
[EventType "swiss"]
[EventCountry "POL"]
[SourceTitle "playchess.com"]
[Source "ChessBase"]
[SourceQuality "1"]
[TimeControl "40/5400+30:1800+30"]

1. e4 c5 2. Be2 d6 3. f4 Nf6 4. d3 Nc6 5. Nf3 e6 6. O-O Be7 7. Qe1 Qb6 8. Kh1 Bd7 9. c3 h5 10. Na3 Qc7 11. Nc2 e5 12. fxe5 dxe5 13. Ne3 Be6 14. Ng5 O-O-O 15. Nf5 Rdg8 16. Be3 b6 17. a4 Kb8 18. Qf2 Kb7 19. d4 cxd4 20. cxd4 exd4 21. Nxd4 Nxd4 22. Bxd4 Ng4 23. Bxg4 hxg4 24. g3 Bxg5 25. a5 Bf6 26. axb6 axb6 27. Rfc1 Qd6 28. Bxf6 gxf6 29. Qxf6 Rc8 30. Rc3 Rxc3 31. bxc3 Ra8 32. Rxa8 Kxa8 33. Qh8+ Kb7 0-1

[Event "55th Rubinstein Memorial-C 2019"]
[Site "Polanica-Zdroj"]
[Date "2019.08.22"]
[Round "6.23"]
[White "Raczek, Krzysztof"]
[Black "Grzelak, Piotr"]
[Result "1-0"]
[ECO "C02"]
[WhiteElo "1587"]
[BlackElo "1673"]
[Annotator "NA"]
[PlyCount "61"]
[EventDate "2019.08.17"]
[EventType "swiss"]
[EventCountry "POL"]
[SourceTitle "playchess.com"]
[Source "ChessBase"]
[SourceQuality "1"]
[TimeControl "40/5400+30:1800+30"]

1. e4 e6 2. d4 d5 3. e5 c5 4. c3 Nc6 5. Nf3 Bd7 6. a3 f6 7. Bd3 Qc7 8. O-O fxe5 9. Nxe5 Nxe5 10. dxe5 Qxe5 11. Re1 Qf6 12. Qh5+ g6 13. Qxd5 O-O-O 14. Qc4 Bc6 15. Rxe6 b5 16. Qb3 c4 17. Rxf6 cxb3 18. Rxc6+ Kb7 19. Re6 Rxd3 20. Re1 a5 21. a4 b4 22. Nd2 bxc3 23. bxc3 Bg7 24. Nxb3 Bxc3 25. Nc5+ Kc6 26. Nxd3 Bxa1 27. Ne5+ Bxe5 28. Rxe5 Kd6 29. Bb2 Nf6 30. Rxa5 Rb8 31. Be5+ 1-0

[Event "55th Rubinstein Memorial-C 2019"]
[Site "Polanica-Zdroj"]
[Date "2019.08.22"]
[Round "6.24"]
[White "Bialik, Nikodem"]
[Black "Ziemski, Przemyslaw"]
[Result "1/2-1/2"]
[ECO "C44"]
[WhiteElo "1472"]
[BlackElo "1759"]
[Annotator "NA"]
[PlyCount "75"]
[EventDate "2019.08.17"]
[EventType "swiss"]
[EventCountry "POL"]
[SourceTitle "playchess.com"]
[Source "ChessBase"]
[SourceQuality "1"]
[TimeControl "40/5400+30:1800+30"]

1. e4 e5 2. Nf3 Nc6 3. d4 exd4 4. Nxd4 Qh4 5. Nf3 Qxe4+ 6. Be3 Bb4+ 7. c3 Ba5 8. Nbd2 Qe7 9. Bc4 Nf6 10. O-O d5 11. Re1 Be6 12. Bb5 O-O 13. Qa4 Bb6 14. Bxc6 bxc6 15. Qxc6 Bd7 16. Qxa8 Rxa8 17. Bxb6 Qd6 18. Bd4 c5 19. Be5 Qb6 20. b3 Ng4 21. Bg3 Re8 22. Rxe8+ Bxe8 23. Re1 Qd8 24. h3 Nh6 25. Bd6 f6 26. Bxc5 a6 27. c4 dxc4 28. bxc4 Bc6 29. Nd4 Qa5 30. N4b3 Qc3 31. Re6 Ba4 32. Rxa6 Bxb3 33. Nxb3 Qxc4 34. Rb6 Nf5 35. g3 h5 36. h4 Qe2 37. a3 Nxh4 38. gxh4 1/2-1/2

[Event "55th Rubinstein Memorial-C 2019"]
[Site "Polanica-Zdroj"]
[Date "2019.08.22"]
[Round "6.25"]
[White "Rakita, Efim"]
[Black "Kazmierowski, Tymon"]
[Result "1-0"]
[ECO "B95"]
[WhiteElo "1960"]
[BlackElo "1532"]
[Annotator "NA"]
[PlyCount "120"]
[EventDate "2019.08.17"]
[EventType "swiss"]
[EventCountry "POL"]
[SourceTitle "playchess.com"]
[Source "ChessBase"]
[SourceQuality "1"]
[TimeControl "40/5400+30:1800+30"]

1. e4 c5 2. Nf3 d6 3. d4 cxd4 4. Nxd4 Nf6 5. Nc3 a6 6. Bg5 e6 7. Be2 Be7 8. Qd2 b5 9. a3 Bb7 10. f3 Nbd7 11. O-O O-O 12. Rfd1 Rc8 13. Bf1 d5 14. Bxf6 Nxf6 15. e5 Nd7 16. f4 Bc5 17. Kh1 Nb6 18. Nb3 Qc7 19. Na5 Ba8 20. Ne2 Rfd8 21. Nd4 Nc4 22. Nxc4 dxc4 23. c3 Rd7 24. Nxe6 Rxd2 25. Nxc7 Rxd1 26. Rxd1 Bb7 27. Nd5 Kf8 28. Be2 Rd8 29. Bf3 Bxd5 30. Bxd5 Ke7 31. g3 a5 32. Kg2 b4 33. axb4 axb4 34. cxb4 Bxb4 35. Kf3 c3 36. bxc3 Bxc3 37. Ke4 Ba5 38. Ra1 Bb6 39. Rb1 Rb8 40. Rc1 Bd8 41. Rc2 Rb6 42. Ra2 Rb4+ 43. Kf5 Bb6 44. Rd2 Rd4 45. Rb2 Rxd5 46. Rxb6 Ra5 47. Rb7+ Kf8 48. h4 Ra4 49. h5 Ra6 50. Rb8+ Ke7 51. Rh8 g6+ 52. Kg5 gxh5 53. Rxh7 Ra5 54. Kxh5 Ke6 55. Rh6+ Ke7 56. Rb6 Ra3 57. g4 Rh3+ 58. Kg5 Re3 59. Kf5 Re1 60. Rb7+ Kf8 {[%emt 0:00:29] Ke4} 1-0

[Event "55th Rubinstein Memorial-C 2019"]
[Site "Polanica-Zdroj"]
[Date "2019.08.22"]
[Round "6.26"]
[White "Simon, Marek"]
[Black "Grzadka, Artur"]
[Result "1/2-1/2"]
[ECO "D85"]
[WhiteElo "1879"]
[BlackElo "1512"]
[Annotator "NA"]
[PlyCount "36"]
[EventDate "2019.08.17"]
[EventType "swiss"]
[EventCountry "POL"]
[SourceTitle "playchess.com"]
[Source "ChessBase"]
[SourceQuality "1"]
[TimeControl "40/5400+30:1800+30"]

1. d4 Nf6 2. c4 g6 3. Nc3 d5 4. cxd5 Nxd5 5. e4 Nxc3 6. bxc3 Bg7 7. Be3 O-O 8. Qd2 c5 9. Rc1 Qa5 10. Bh6 Bxh6 11. Qxh6 cxd4 12. Nf3 dxc3 13. Ng5 c2+ 14. Ke2 Qa6+ 15. Ke3 Qb6+ 16. Ke2 Qa6+ 17. Ke3 Qb6+ 18. Ke2 Qa6+ 1/2-1/2

[Event "55th Rubinstein Memorial-C 2019"]
[Site "Polanica-Zdroj"]
[Date "2019.08.22"]
[Round "6.27"]
[White "Ciechonski, Piotr"]
[Black "Ursnik, Patryk"]
[Result "0-1"]
[ECO "B23"]
[WhiteElo "1767"]
[BlackElo "1497"]
[Annotator "NA"]
[PlyCount "60"]
[EventDate "2019.08.17"]
[EventType "swiss"]
[EventCountry "POL"]
[SourceTitle "playchess.com"]
[Source "ChessBase"]
[SourceQuality "1"]
[TimeControl "40/5400+30:1800+30"]

1. e4 c5 2. Nc3 Nc6 3. f4 g6 4. Nf3 d6 5. Bc4 Bg7 6. O-O Bg4 7. Bxf7+ Kd7 8. Bb3 Nf6 9. d3 a6 10. a4 Qc7 11. h3 Bxf3 12. Qxf3 Raf8 13. Be3 Kc8 14. Qf2 e5 15. Be6+ Kb8 16. f5 Nd4 17. Bxd4 exd4 18. Nd5 Nxd5 19. Bxd5 Be5 20. Qd2 Qg7 21. Rf3 g5 22. Raf1 Rf6 23. g4 h5 24. Qg2 hxg4 25. Qxg4 Rh4 26. Qg2 g4 27. Kf2 Qh6 28. Rg3 Bxg3+ 29. Qxg3 Rxh3 30. Qxg4 Qd2+ {[%emt 0:00:16] Qg3 Qh6 Qg2} 0-1

[Event "55th Rubinstein Memorial-C 2019"]
[Site "Polanica-Zdroj"]
[Date "2019.08.22"]
[Round "6.28"]
[White "Wilgosz, Tomasz"]
[Black "Milczarek, Robert"]
[Result "1-0"]
[ECO "B03"]
[WhiteElo "1513"]
[BlackElo "1698"]
[Annotator "NA"]
[PlyCount "97"]
[EventDate "2019.08.17"]
[EventType "swiss"]
[EventCountry "POL"]
[SourceTitle "playchess.com"]
[Source "ChessBase"]
[SourceQuality "1"]
[TimeControl "40/5400+30:1800+30"]

1. e4 Nf6 2. e5 Nd5 3. d4 d6 4. f4 dxe5 5. dxe5 c6 6. c4 Nb6 7. Qxd8+ Kxd8 8. Be3 Be6 9. b3 g6 10. Nf3 h6 11. Nc3 Bg7 12. O-O-O+ Ke8 13. h3 Na6 14. Bxb6 axb6 15. Kb2 Nc5 16. Nd4 f6 17. b4 fxe5 18. fxe5 Na4+ 19. Nxa4 Bxe5 20. Kb3 Rd8 21. Re1 Rxd4 22. Rxe5 Kf7 23. Nxb6 Rd1 24. g4 Rhd8 25. Re2 Rb1+ 26. Rb2 Re1 27. Rf2+ Ke8 28. Re2 Rd3+ 29. Kc2 Red1 30. Bg2 Rxh1 31. Kxd3 Rg1 32. Rxe6 Rxg2 33. a4 Rg3+ 34. Re3 Rg1 35. Kd4 h5 36. gxh5 gxh5 37. Re5 Rd1+ 38. Kc5 h4 39. Re4 e5 40. Rxe5+ Kd8 41. Re4 Rf1 42. Rxh4 Rf5+ 43. Kd4 Kc7 44. a5 Rf7 45. Rg4 Rh7 46. h4 Kb8 47. Ke5 Kc7 48. Kf6 Rh5 49. Kg6 1-0

[Event "55th Rubinstein Memorial-C 2019"]
[Site "Polanica-Zdroj"]
[Date "2019.08.22"]
[Round "6.29"]
[White "Jakubiak, Karol"]
[Black "Brzozowski, Pawel"]
[Result "0-1"]
[ECO "C00"]
[WhiteElo "1665"]
[BlackElo "1496"]
[Annotator "NA"]
[PlyCount "98"]
[EventDate "2019.08.17"]
[EventType "swiss"]
[EventCountry "POL"]
[SourceTitle "playchess.com"]
[Source "ChessBase"]
[SourceQuality "1"]
[TimeControl "40/5400+30:1800+30"]

1. e4 e6 2. Nf3 d5 3. exd5 exd5 4. d4 Bd6 5. Nc3 c6 6. Be3 Bf5 7. Bd3 Bxd3 8. Qxd3 Nf6 9. O-O-O Nbd7 10. Bg5 O-O 11. Qf5 Qc7 12. h4 h6 13. Kb1 Nh7 14. Be3 Ndf6 15. Rdg1 Rfe8 16. Nd2 g6 17. Qd3 Ng4 18. Nd1 Nhf6 19. f3 Nxe3 20. Nxe3 Bf4 21. Ng4 Nxg4 22. fxg4 Re3 23. Qf1 Bh2 24. Rxh2 Qxh2 25. Nf3 Qf4 26. g5 hxg5 27. Nxg5 Qxf1+ 28. Rxf1 Rae8 29. Nf3 f6 30. Kc1 Re2 31. g4 R8e4 32. g5 Rf4 33. Kd1 Re3 34. Nd2 Rxf1+ 35. Nxf1 Re4 36. c3 Rxh4 37. gxf6 Kf7 38. Nd2 Rf4 39. Ke2 Kxf6 40. Ke3 Rh4 41. Nf3 Re4+ 42. Kf2 Kf5 43. Ne1 Rxe1 44. Kxe1 Ke4 45. Ke2 b6 46. a3 b5 47. b3 a5 48. a4 bxa4 49. bxa4 g5 0-1

[Event "55th Rubinstein Memorial-C 2019"]
[Site "Polanica-Zdroj"]
[Date "2019.08.22"]
[Round "6.30"]
[White "Wolska, Marta"]
[Black "Topola, Rafal"]
[Result "0-1"]
[ECO "D35"]
[WhiteElo "1516"]
[BlackElo "1660"]
[Annotator "NA"]
[PlyCount "60"]
[EventDate "2019.08.17"]
[EventType "swiss"]
[EventCountry "POL"]
[SourceTitle "playchess.com"]
[Source "ChessBase"]
[SourceQuality "1"]
[TimeControl "40/5400+30:1800+30"]

1. d4 d5 2. c4 e6 3. Nc3 Nf6 4. cxd5 exd5 5. Bg5 Be7 6. e3 c6 7. Qc2 h6 8. Bxf6 Bxf6 9. Bd3 Be6 10. Nf3 Nd7 11. b4 O-O 12. O-O Qe7 13. Rab1 Rfc8 14. Rfc1 Qf8 15. a4 Be7 16. Qb3 Nf6 17. a5 b6 18. axb6 axb6 19. Na4 Nd7 20. Nd2 c5 21. Bb5 c4 22. Qc3 Qd8 23. f3 Nb8 24. e4 Na6 25. Re1 Bf6 26. e5 Be7 27. f4 Nc7 28. Bc6 Ra6 29. Nb2 Rb8 30. b5 Ra3 0-1

[Event "55th Rubinstein Memorial-C 2019"]
[Site "Polanica-Zdroj"]
[Date "2019.08.22"]
[Round "6.31"]
[White "Arciszewska, Zuzanna"]
[Black "Stoop, Jan"]
[Result "1/2-1/2"]
[ECO "A43"]
[WhiteElo "1499"]
[BlackElo "1654"]
[Annotator "NA"]
[PlyCount "93"]
[EventDate "2019.08.17"]
[EventType "swiss"]
[EventCountry "POL"]
[SourceTitle "playchess.com"]
[Source "ChessBase"]
[SourceQuality "1"]
[TimeControl "40/5400+30:1800+30"]

1. d4 c5 2. Nf3 e6 3. c4 d5 4. dxc5 Bxc5 5. cxd5 exd5 6. e3 Nf6 7. Bd3 Nc6 8. O-O O-O 9. b3 Nb4 10. Bb2 Nxd3 11. Qxd3 Be6 12. Ng5 g6 13. Qc3 Be7 14. Nd2 Rc8 15. Qe5 Qc7 16. Nxe6 Qxe5 17. Bxe5 fxe6 18. Rac1 Ng4 19. Bc7 Ba3 20. Rc2 Rf7 21. h3 Nf6 22. Nf3 Rfxc7 23. Rxc7 Rxc7 24. Nd4 Re7 25. Nb5 Bc5 26. Rc1 Nd7 27. b4 Bxb4 28. Rc7 a6 29. Nd4 b5 30. Nc6 Rf7 31. Nxb4 a5 32. Nc6 Nb6 33. Rxf7 Kxf7 34. Nxa5 Nc4 35. Nb3 e5 36. Kf1 Ke6 37. Ke2 Kd6 38. Kd3 Nb2+ 39. Kc2 Nc4 40. Kc3 Kc6 41. Nc1 Nb6 42. Nd3 Nc4 43. Nb4+ Kd6 44. Nd3 Kc6 45. Nb4+ Kd6 46. Nd3 Kc6 47. Nb4+ 1/2-1/2

[Event "55th Rubinstein Memorial-C 2019"]
[Site "Polanica-Zdroj"]
[Date "2019.08.22"]
[Round "6.32"]
[White "Budzisz, Adrian"]
[Black "Zimny, Jakub"]
[Result "1-0"]
[ECO "B51"]
[WhiteElo "1631"]
[BlackElo "1492"]
[Annotator "NA"]
[PlyCount "49"]
[EventDate "2019.08.17"]
[EventType "swiss"]
[EventCountry "POL"]
[SourceTitle "playchess.com"]
[Source "ChessBase"]
[SourceQuality "1"]
[TimeControl "40/5400+30:1800+30"]

1. e4 c5 2. Nf3 d6 3. Bb5+ Nd7 4. Ba4 Ngf6 5. O-O a6 6. c4 g6 7. Nc3 Bg7 8. d3 O-O 9. h3 Nb6 10. Bb3 Bd7 11. Nh2 Nc8 12. f4 b5 13. cxb5 axb5 14. g4 b4 15. Ne2 Ne8 16. f5 Qb6 17. Kh1 Kh8 18. Nf4 Nc7 19. g5 gxf5 20. Qh5 Be8 21. exf5 Qc6+ 22. Nf3 d5 23. Nh4 h6 24. Nfg2 Ra6 25. f6 1-0

[Event "55th Rubinstein Memorial-C 2019"]
[Site "Polanica-Zdroj"]
[Date "2019.08.23"]
[Round "7.1"]
[White "Sroka, Janusz"]
[Black "Janzer, Hubert"]
[Result "0-1"]
[ECO "C05"]
[WhiteElo "1875"]
[BlackElo "1803"]
[Annotator "NA"]
[PlyCount "60"]
[EventDate "2019.08.17"]
[EventType "swiss"]
[EventCountry "POL"]
[SourceTitle "playchess.com"]
[Source "ChessBase"]
[SourceQuality "1"]
[TimeControl "40/5400+30:1800+30"]

1. e4 e6 2. d4 d5 3. Nd2 Nf6 4. e5 Nfd7 5. c3 c5 6. f4 Nc6 7. Ndf3 cxd4 8. cxd4 Qb6 9. Ne2 f6 10. Nc3 a6 11. Bd3 Be7 12. a3 O-O 13. Qe2 fxe5 14. dxe5 Nc5 15. Bc2 d4 16. Ne4 Nb3 17. Neg5 h6 18. Bh7+ Kh8 19. Nh4 Bxg5 20. Ng6+ Kxh7 21. Nxf8+ Kg8 22. fxg5 Qa5+ 23. Kd1 Nxa1 24. gxh6 Qa4+ 25. Ke1 Qc2 26. h7+ Kh8 27. Qh5 Qxc1+ 28. Ke2 Qe3+ 29. Kd1 Qd3+ 30. Ke1 Nc2+ 0-1

[Event "55th Rubinstein Memorial-C 2019"]
[Site "Polanica-Zdroj"]
[Date "2019.08.23"]
[Round "7.2"]
[White "Majek, Kacper"]
[Black "Witkowski, Krzysztof"]
[Result "1/2-1/2"]
[ECO "B30"]
[WhiteElo "1984"]
[BlackElo "1707"]
[Annotator "NA"]
[PlyCount "120"]
[EventDate "2019.08.17"]
[EventType "swiss"]
[EventCountry "POL"]
[SourceTitle "playchess.com"]
[Source "ChessBase"]
[SourceQuality "1"]
[TimeControl "40/5400+30:1800+30"]

1. e4 c5 2. Nf3 Nc6 3. d3 g6 4. g3 Bg7 5. Bg2 e6 6. O-O Nge7 7. c3 d5 8. Qe2 Qc7 9. Bf4 e5 10. exd5 exf4 11. dxc6 fxg3 12. fxg3 O-O 13. cxb7 Bxb7 14. Nbd2 Rae8 15. Nc4 Nf5 16. Qf2 Nd6 17. Nxd6 Qxd6 18. Rae1 Bxf3 19. Qxf3 Be5 20. Re2 Kg7 21. Kh1 f6 22. Rd1 Qa6 23. Red2 Qxa2 24. d4 cxd4 25. cxd4 Bd6 26. Qc6 Qe6 27. Bd5 Qe7 28. Qa6 Bb4 29. Rc2 Rd8 30. Bg2 Rd6 31. Qc4 a5 32. Re2 Qd7 33. d5 Rf7 34. Qh4 Re7 35. Rc2 Re1+ 36. Rxe1 Bxe1 37. Bh3 Qe7 38. Qc4 Bb4 39. Be6 Rd8 40. Qb5 Kf8 41. Rc6 Qa7 42. Rb6 Qc7 43. Bh3 Qc1+ 44. Bf1 Qd1 45. Rxf6+ Kg7 46. Qa6 Qxd5+ 47. Bg2 Qd1+ 48. Rf1 Qd6 49. Qe2 Rf8 50. Rc1 Rf7 51. Rc6 Re7 52. Qf2 Re1+ 53. Qxe1 Qxc6 54. Qe3 Qf6 55. Qe2 Qe7 56. Be4 Qc5 57. Kg2 Qg5 58. Qc4 Qd2+ 59. Kh3 Qh6+ 60. Kg2 Qd2+ 1/2-1/2

[Event "55th Rubinstein Memorial-C 2019"]
[Site "Polanica-Zdroj"]
[Date "2019.08.23"]
[Round "7.3"]
[White "Kroliczek, Gabriela"]
[Black "Tokmantsev, Ivan"]
[Result "1-0"]
[ECO "B01"]
[WhiteElo "1787"]
[BlackElo "1918"]
[Annotator "NA"]
[PlyCount "131"]
[EventDate "2019.08.17"]
[EventType "swiss"]
[EventCountry "POL"]
[SourceTitle "playchess.com"]
[Source "ChessBase"]
[SourceQuality "1"]
[TimeControl "40/5400+30:1800+30"]

1. e4 d5 2. exd5 Qxd5 3. d4 c6 4. Nc3 Qa5 5. Bd3 Nf6 6. Nge2 Bg4 7. f3 Bf5 8. O-O Bxd3 9. Qxd3 e6 10. a3 Nbd7 11. Bd2 Qc7 12. Ne4 Bd6 13. Nxd6+ Qxd6 14. Rad1 Qc7 15. c4 O-O 16. Ng3 Rfd8 17. Qe2 c5 18. Be3 cxd4 19. Bxd4 Rac8 20. b3 Qa5 21. Qb2 b6 22. Rfe1 Re8 23. Ne4 Nxe4 24. Rxe4 e5 25. Bf2 Nf6 26. Re2 e4 27. fxe4 Rxe4 28. Rxe4 Nxe4 29. Rd5 b5 30. Rxb5 Qc7 31. Be3 Re8 32. Qd4 Qe7 33. Qxa7 Qh4 34. Rf5 Nf6 35. Rf1 Qh5 36. h3 h6 37. Qd4 Ne4 38. Qd1 Qe5 39. Bd4 Qd6 40. Bb2 Qb6+ 41. Qd4 Qg6 42. Re1 f5 43. Bc1 Qg3 44. Qe3 Qg6 45. Qd3 Kh7 46. b4 Nc5 47. Qf1 Ne4 48. Qf4 Rd8 49. Rf1 Ng3 50. Re1 Rd1 51. Qf2 Ne4 52. Qe2 Rd4 53. Be3 Rd7 54. b5 Re7 55. Qf3 Ng5 56. Qg3 Qe6 57. Bf2 Ne4 58. Qf4 g5 59. Qc1 Rd7 60. c5 Qa2 61. Qe3 Rd2 62. Rf1 Re2 63. Qf3 Kg6 64. b6 Rb2 65. g4 Nd2 66. Qxf5+ 1-0

[Event "55th Rubinstein Memorial-C 2019"]
[Site "Polanica-Zdroj"]
[Date "2019.08.23"]
[Round "7.4"]
[White "Myrmus, Mateusz"]
[Black "Kaliszuk, Kamil"]
[Result "0-1"]
[ECO "B22"]
[WhiteElo "1598"]
[BlackElo "1853"]
[Annotator "NA"]
[PlyCount "96"]
[EventDate "2019.08.17"]
[EventType "swiss"]
[EventCountry "POL"]
[SourceTitle "playchess.com"]
[Source "ChessBase"]
[SourceQuality "1"]
[TimeControl "40/5400+30:1800+30"]

1. e4 c5 2. c3 d5 3. exd5 Qxd5 4. d4 Nf6 5. Nf3 e6 6. Nbd2 Nc6 7. Bc4 Qd8 8. Bb5 Bd7 9. a3 cxd4 10. cxd4 a6 11. Ba4 Be7 12. O-O O-O 13. Bc2 Qc7 14. Bb1 Rfd8 15. Nb3 h6 16. Qc2 Rac8 17. Re1 Bd6 18. Nbd2 Ne7 19. Qxc7 Bxc7 20. Ne4 Nxe4 21. Bxe4 Bc6 22. Bxc6 Nxc6 23. Be3 Rd5 24. Red1 Rcd8 25. Kf1 e5 26. Rac1 Bb6 27. Nd2 Bxd4 28. Nc4 f5 29. g3 g5 30. f4 gxf4 31. gxf4 Bxe3 32. Nxe3 Rxd1+ 33. Rxd1 Rxd1+ 34. Nxd1 Kf7 35. Kf2 Ke6 36. Nc3 exf4 37. b4 b5 38. a4 bxa4 39. Nxa4 Nxb4 40. Kf3 Ke5 41. Nb6 Nd5 42. Nc4+ Kd4 43. Nd6 a5 44. Nxf5+ Kc3 45. Ke4 a4 46. Kxd5 a3 47. Nd4 a2 48. Ne2+ Kb2 0-1

[Event "55th Rubinstein Memorial-C 2019"]
[Site "Polanica-Zdroj"]
[Date "2019.08.23"]
[Round "7.5"]
[White "Zalega, Maciej"]
[Black "Mike, Patryk"]
[Result "1/2-1/2"]
[ECO "C88"]
[WhiteElo "1429"]
[BlackElo "1840"]
[Annotator "NA"]
[PlyCount "60"]
[EventDate "2019.08.17"]
[EventType "swiss"]
[EventCountry "POL"]
[SourceTitle "playchess.com"]
[Source "ChessBase"]
[SourceQuality "1"]
[TimeControl "40/5400+30:1800+30"]

1. e4 e5 2. Nf3 Nc6 3. Bb5 a6 4. Ba4 Nf6 5. O-O Be7 6. Re1 b5 7. Bb3 d6 8. a4 Bb7 9. c3 Na5 10. Bc2 c5 11. d4 Qc7 12. d5 O-O 13. axb5 axb5 14. b3 Qb8 15. Nbd2 Bc8 16. Bb2 Bd7 17. Qe2 Qb6 18. Ra2 Ra6 19. b4 Nb7 20. Rxa6 Qxa6 21. Ra1 Qb6 22. Nf1 Rb8 23. Ng3 Qd8 24. Ra7 Qc8 25. Bd3 c4 26. Bb1 Ra8 27. Rxa8 Qxa8 28. h3 Qa4 29. Qc2 Qxc2 30. Bxc2 Ne8 1/2-1/2